 Dungeon Crawl Stone Soup version 0.25.1-1-g288607f5aa (webtiles) character file.

Game seed: 274747400324303691

50239 w3rns the Severer (level 14, -25/118 HPs)
             Began as a Minotaur Fighter on July 24, 2020.
             Was an Elder of Ashenzari.
             Killed from afar by a deep elf mage (40 damage)
             ... with a bolt of lightning
             ... on level 1 of the Elven Halls on July 25, 2020.
             The game lasted 03:05:18 (18542 turns).

w3rns the Severer (Minotaur Fighter)               Turns: 18542, Time: 03:05:22

Health: -25/118    AC: 17    Str: 23    XL:     14   Next: 19%
Magic:  18/18      EV: 11    Int:  5    God:    Ashenzari [****..]
Gold:   2383       SH: 22    Dex: 13    Spells: 13/13 levels left

rFire    x . .     SeeInvis +   d - +3 hand axe (elec) (curse)
rCold    + . .     Gourm    .   c - +4 kite shield (curse)
rNeg     . . .     Faith    .   P - +1 plate armour
rPois    .         Spirit   .   (helmet restricted)
rElec    .         Reflect  +   R - scarf {harm} (curse)
rCorr    .         Harm     +   (no gloves)
MR       +....     Clarity  +   K - +0 pair of boots
Stlth    ..........             y - amulet of reflection (curse)
HPRegen  0.29/turn              J - +4 ring of evasion (curse)
MPRegen  0.16/turn              N - ring of ice

@: heavily drained
A: retaliatory headbutt, hooves 1, horns 2, sense surroundings 1, MP-powered
wands
a: Curse Item, Scrying, Renounce Religion


You were on level 1 of the Elven Halls.
You worshipped Ashenzari.
Ashenzari was greatly pleased with you.
You were not hungry.

You visited 5 branches of the dungeon, and saw 20 of its levels.
You also visited: Sewer, Bailey and Gauntlet.

You collected 2487 gold pieces.
You spent 104 gold pieces at shops.

Inventory:

Hand Weapons
 d - a cursed +3 hand axe of electrocution (weapon)
 i - a +2 vorpal battleaxe
 A - a +2 mace of protection
 B - a +4 vampiric hand axe
 H - a +6 rapier of draining
 M - a +4 war axe of freezing
 U - a +1 scimitar of electrocution
 X - the +4 dagger of the Beast {freeze, rElec}
   (You took it off a minotaur in a Gauntlet)

   It has been specially enchanted to freeze those struck by it, causing extra
   injury to most foes and up to half again as much damage against particularly
   susceptible opponents.
   It can also slow down cold-blooded creatures.
   It insulates you from electricity.
Missiles
 u - 6 atropa-tipped darts
 G - 26 javelins (quivered)
 V - 5 curare-tipped darts
Armour
 c - a cursed +4 kite shield (worn)
 l - a +1 chain mail of cold resistance
 t - a +0 troll leather armour
 K - a +0 pair of boots (worn)
 P - a +1 plate armour (worn)
 R - a cursed scarf of harm (worn)
Magical Staves
 g - an uncursed staff of cold
 Y - an uncursed staff of energy
Jewellery
 k - an uncursed amulet of faith
 y - a cursed amulet of reflection (around neck)
 E - an uncursed ring of stealth
 F - a +6 ring of dexterity
 J - a cursed +4 ring of evasion (left hand)
 L - an uncursed ring of resist corrosion
 N - a ring of ice (right hand)
Wands
 e - a wand of iceblast (27)
 s - a wand of acid (21)
 I - a wand of flame (41)
 T - a wand of random effects (62)
 Z - a wand of polymorph (6)
Scrolls
 b - a scroll of identify
 h - a scroll of immolation
 p - 2 scrolls of magic mapping
 r - 8 scrolls of teleportation
 v - a scroll of holy word
 O - a scroll of remove curse
Potions
 a - a potion of invisibility
 j - 3 potions of flight
 m - a potion of mutation
 n - 3 potions of magic
 o - 6 potions of curing
 q - 2 potions of cancellation
 w - a potion of ambrosia
 x - a potion of resistance
 Q - 3 potions of brilliance
 S - 3 potions of stabbing
 W - 2 potions of berserk rage
Miscellaneous
 z - 2 phantom mirrors
 C - a lightning rod (4/4)
Comestibles
 f - 17 rations
 D - 6 chunks of flesh


   Skills:
 + Level 9.3(7.3) Fighting
 + Level 0.8(0.0) Short Blades
 * Level 15.9(16.4) Axes
 + Level 8.2(6.3) Throwing
 * Level 13.3(11.2) Armour
 + Level 3.2(1.5) Dodging
 + Level 13.0(12.7) Shields
 - Level 7.8(8.1) Evocations


You had 13 spell levels left.
You didn't know any spells.
Your spell library contained the following spells:

 Spells                   Type           Power        Failure   Level  Hunger
 Animate Skeleton         Necr           N/A          100%        1    ##.....
 Apportation              Tloc           #.....       100%        1    ##.....
 Corona                   Hex            #......      100%        1    ##.....
 Foxfire                  Conj/Fire      #...         100%        1    ##.....
 Infusion                 Chrm           #...         100%        1    ##.....
 Summon Small Mammal      Summ           #...         100%        1    ##.....
 Ensorcelled Hibernation  Hex/Ice        #.....       100%        2    ###....
 Shroud of Golubria       Chrm/Tloc      #.....       100%        2    ###....
 Song of Slaying          Chrm           #.......     100%        2    ###....
 Confusing Touch          Hex            #.......     100%        3    ####...
 Dazzling Flash           Conj/Hex       #.....       100%        3    ####...
 Ozocubu's Armour         Chrm/Ice       #.......     100%        3    ####...
 Spectral Weapon          Hex/Chrm       #.......     100%        3    ####...
 Static Discharge         Conj/Air       #.......     100%        3    ####...
 Tukima's Dance           Hex            #.......     100%        3    ####...
 Cause Fear               Hex            #.........   100%        4    #####..
 Bolt of Magma            Conj/Fire/Erth #.........   100%        5    ######.
 Iskenderun's Battlesphe  Conj/Chrm      #.......     100%        5    ######.
 Lightning Bolt           Conj/Air       #.........   100%        5    ######.
 Iron Shot                Conj/Erth      #.........   100%        6    #######
 Dragon Form              Tmut           #.........   100%        7    #######
 Orb of Destruction       Conj           #.........   100%        7    #######
 Spellforged Servitor     Conj/Summ      #.........   100%        7    #######
 Ignition                 Fire           #.........   100%        8    #######
 Dragon's Call            Summ           #.........   100%        9    #######
 Shatter                  Erth           #.........   100%        9    #######
 Tornado                  Air            #.........   100%        9    #######


Dungeon Overview and Level Annotations

Branches:
Dungeon (11/15)            Temple (1/1) D:7            Lair (5/6) D:9
  Swamp (0/4) Lair:4        Snake (0/4) Lair:4          Orc (2/2) D:11
    Elf (1/3) Orc:2         Sewer (visited)          Bailey (visited)
Gauntlet (visited)
  Slime: Lair:5-6

Altars:
Ashenzari
Cheibriados
Dithmenos
Elyvilon
Fedhas
Gozag
Hepliaklqana
Kikubaaqudgha
Makhleb
Nemelex Xobeh
Okawaru
Qazlal
Ru
Sif Muna
Trog
Uskayaw
Vehumet
Wu Jian
Xom
Yredelemnul
Zin
The Shining One

Shops:
D:4 [[%?!   D:10 [

Annotations:
Lair:1 exclusion: 2 oklob plants
Lair:5 2 transporters, Memnif's ghost, journeyman GnFi


Innate Abilities, Weirdness & Mutations

You reflexively headbutt those who attack you in melee.
You have a pair of horns on your head.
You have large cloven feet.
You passively map a small area around you.
You expend magic power (3 MP) to strengthen your wands.


Message History

The deep elf mage shouts!
The deep elf mage gestures at you while chanting.
The bolt of lightning hits you!
You see here an arrow.
The deep elf mage gestures at you while chanting.
The bolt of lightning hits you! The bolt of lightning hits you!!
You block the deep elf mage's attack.
You see here an arrow.
You closely miss the deep elf mage. You headbutt the deep elf mage.
The deep elf mage is lightly wounded.
You block the deep elf mage's attack.
You slash the deep elf mage!
The deep elf mage is moderately wounded.
You closely miss the deep elf mage.
The deep elf mage is moderately wounded.
The deep elf mage points at you and mumbles some strange words.
The bolt of lightning hits you!!
* * * LOW HITPOINT WARNING * * *
The bolt of lightning hits you!!
You die...

,,...)..., , ,, ,, ,*
.....$.** ∆,,, * ,
...s.4(## ** *
,,....{..e###
......##..## ###
#######.)..## ##.##
#######.)....# #...#
,...........!)###...#
.......!....)..@)..#
,.............)e....#
*#######......##.#.##
##.(..####.## ##..##
##.#### *** ####
##.#.## ,,* ##...# ,*
#...# ,, #...###


You could see a deep elf mage.

Vanquished Creatures
  Kirke (Lair:5)
  An orc warlord (Orc:1)
  A minotaur (Gauntlet)
  A deep elf death mage (Elf:1)
  A great orb of eyes (shapeshifter) (Gauntlet)
  Erolcha (D:10)
  6 hydras
  A two-headed ogre (Orc:2)
  A dancing weapon (Elf:1)
  Urug (Lair:4)
  Nergalle (Lair:1)
  An orc high priest (Orc:2)
  A soul eater (Gauntlet)
  Sonja (Lair:5)
  A deep elf archer (Elf:1)
  2 orc sorcerers (Orc:2)
  8 deep elf magi (Elf:1)
  A cyclops (D:11)
  7 elephants
  A kobold demonologist (D:8)
  4 spiny frogs
  A rime drake (Lair:5)
  6 komodo dragons
  3 torpor snails
  A polar bear (Lair:4)
  5 trolls
  A jumping spider (shapeshifter) (Gauntlet)
  15 blink frogs
  A raiju (shapeshifter) (Gauntlet)
  2 slime creatures (Gauntlet)
  A dream sheep (Lair:1)
  6 hippogriffs
  32 yaks
  A vampire (D:11)
  A wyvern (D:10)
  A wraith (D:8)
  Eustachio (D:4)
  2 basilisks
  4 hogs
  Edmund (D:5)
  Menkaure (D:4)
  4 wargs (Orc:2)
  A soldier ant (D:10)
  9 water moccasins
  10 porcupines
  4 sky beasts
  20 orc warriors
  2 phantoms
  5 black bears
  An eye of draining (D:10)
  7 ogres
  6 wolves
  3 centaurs
  11 crocodiles
  18 bullfrogs
  10 big kobolds
  A wyvern zombie (D:10)
  8 gnoll sergeants (Bailey)
  7 scorpions
  4 howler monkeys
  An electric eel (Lair:4)
  2 crimson imps
  3 centaur zombies
  2 bullfrog skeletons
  7 gnoll shamans
  Crazy Yiuf (D:5)
  13 orc priests
  3 hounds
  3 jellies (Gauntlet)
  11 orc wizards
  3 centaur skeletons
  5 iguanas
  Ijyb (D:2)
  13 worker ants
  2 killer bee zombies
  A hound zombie (D:9)
  Robin (D:4)
  19 gnolls
  22 adders
  7 shadow imps
  An ooze (Sewer)
  An adder skeleton (D:8)
  5 worms
  4 dart slugs
  2 leopard geckos (D:4)
  48 orcs
  6 ball pythons
  17 bats
  2 giant cockroaches
  13 goblins
  9 hobgoblins
  20 jackals
  34 kobolds
  3 quokkas
  6 frilled lizards
  A jackal skeleton (D:6)
  5 rats
  7 fungi
  3 plants
567 creatures vanquished.

Vanquished Creatures (others)
  A human (Lair:5)
  13 fungi
  7 plants
21 creatures vanquished.

Grand Total: 588 creatures vanquished

Notes
Turn   | Place    | Note
-------+----------+-------------------------------------------
     0 | D:1      | w3rns the Minotaur Fighter began the quest for the Orb.
     0 | D:1      | Reached XP level 1. HP: 19/19 MP: 0/0
   219 | D:1      | Reached XP level 2. HP: 23/27 MP: 1/1
   588 | D:1      | Reached XP level 3. HP: 33/33 MP: 2/2
   885 | D:2      | Reached skill level 3 in Axes
   977 | D:2      | Found a blossoming altar of Fedhas.
   977 | D:2      | Found a sparkling altar of Nemelex Xobeh.
  1156 | D:2      | Reached skill level 1 in Throwing
  1156 | D:2      | Reached XP level 4. HP: 40/40 MP: 3/3
  1683 | D:2      | Reached skill level 1 in Dodging
  1884 | D:3      | Noticed Ijyb
  1901 | D:2      | Killed Ijyb
  1901 | D:2      | Reached XP level 5. HP: 39/46 MP: 4/4
  2122 | D:3      | Found a faded altar of an unknown god.
  2125 | D:3      | Became a worshipper of Ashenzari the Shackled
  2125 | D:3      | Reached * piety under Ashenzari
  2160 | D:3      | Noticed a centaur
  2172 | D:3      | Killed a centaur
  2172 | D:3      | Reached skill level 5 in Shields
  2556 | D:3      | Reached XP level 6. HP: 53/53 MP: 5/5
  2743 | D:4      | Found Neeskuaf's Distillery.
  2757 | D:4      | Bought a potion of heal wounds for 65 gold pieces
  2757 | D:4      | Bought a potion of curing for 39 gold pieces
  2796 | D:4      | Reached skill level 4 in Axes
  2879 | D:4      | Found a radiant altar of Vehumet.
  2883 | D:4      | Noticed Eustachio
  2897 | D:4      | Killed Eustachio
  2898 | D:4      | Found Cijir's Armour Shoppe.
  2937 | D:4      | Found Qage Pel's Antique Armour Boutique.
  3028 | D:4      | Noticed Menkaure
  3028 | D:4      | Noticed Robin
  3042 | D:4      | Killed Menkaure
  3042 | D:4      | Reached skill level 1 in Short Blades
  3042 | D:4      | Reached XP level 7. HP: 60/60 MP: 6/6
  3057 | D:4      | Killed Robin
  3057 | D:4      | Reached skill level 5 in Armour
  3082 | D:4      | Found a glowing drain.
  3090 | Sewer    | Entered a sewer
  3380 | Sewer    | Reached skill level 5 in Fighting
  3424 | D:4      | Found Qehovud's Food Shop.
  3649 | D:4      | Found Jyol's Magic Scroll Emporium.
  3679 | D:4      | Reached XP level 8. HP: 68/68 MP: 7/7
  3872 | D:5      | Entered Level 5 of the Dungeon
  3892 | D:5      | Noticed Edmund
  3905 | D:5      | Killed Edmund
  3978 | D:5      | Found a runed translucent door.
  3979 | D:5      | Noticed Crazy Yiuf
  3988 | D:5      | Killed Crazy Yiuf
  4252 | D:5      | Gained mutation: You have large cloven feet. [potion of
                  | mutation]
  4252 | D:5      | Gained mutation: You expend magic power (3 MP) to
                  | strengthen your wands. [potion of mutation]
  4252 | D:5      | Gained mutation: You passively map a small area around you.
                  | [potion of mutation]
  4292 | D:5      | Found a blossoming altar of Fedhas.
  4311 | D:5      | Reached skill level 5 in Short Blades
  4350 | D:5      | Reached skill level 5 in Throwing
  4711 | D:6      | Reached skill level 1 in Evocations
  4854 | D:6      | Reached XP level 9. HP: 74/74 MP: 8/8
  4999 | D:7      | Reached ** piety under Ashenzari
  4999 | D:7      | Found a staircase to the Ecumenical Temple.
  5028 | Temple   | Entered the Ecumenical Temple
  5033 | Temple   | Reached skill level 5 in Axes
  5817 | D:7      | Found a sparkling altar of Nemelex Xobeh.
  6527 | D:8      | Reached skill level 6 in Axes
  6641 | D:7      | Reached XP level 10. HP: 84/84 MP: 11/11
  6914 | D:8      | Found a burning altar of Makhleb.
  6935 | D:8      | Found a glowing silver altar of Zin.
  6935 | D:8      | Found an opulent altar of Gozag.
  7089 | D:8      | Reached skill level 7 in Axes
  7313 | D:9      | Reached skill level 8 in Axes
  7355 | D:9      | Found a staircase to the Lair.
  7636 | D:9      | Found a shadowy altar of Dithmenos.
  7771 | D:9      | Found a hazy altar of Hepliaklqana.
  7896 | D:10     | Entered Level 10 of the Dungeon
  7898 | D:10     | Noticed Erolcha
  8084 | D:10     | Reached skill level 9 in Axes
  8304 | D:10     | Found Soseth's Armour Shoppe.
  8406 | Lair:1   | Entered Level 1 of the Lair of Beasts
  8465 | Lair:1   | Noticed a spiny frog
  8465 | Lair:1   | Noticed a six-headed hydra
  8465 | Lair:1   | Noticed Nergalle
  8476 | Lair:2   | Reached *** piety under Ashenzari
  8480 | Lair:2   | Killed a spiny frog
  8480 | Lair:2   | Reached skill level 10 in Axes
  8480 | Lair:2   | Reached XP level 11. HP: 91/91 MP: 13/13
  8792 | Lair:1   | Noticed a spectral orc warlord
  8792 | Lair:1   | Killed Nergalle
  8792 | Lair:1   | Reached skill level 10 in Shields
  8792 | Lair:1   | Reached skill level 5 in Evocations
  8899 | Lair:1   | Killed a nine-headed hydra
  9112 | Lair:1   | Reached skill level 11 in Axes
  9177 | Lair:1   | Noticed a five-headed hydra
  9184 | Lair:1   | HP: 4/92 [komodo dragon (31)]
  9191 | Lair:1   | HP: 1/92 [komodo dragon (26)]
  9594 | Lair:1   | Killed a nine-headed hydra
 10043 | Lair:1   | Noticed a six-headed hydra
 10044 | Lair:1   | Noticed an oklob plant
 10044 | Lair:1   | Noticed an oklob plant
 10053 | Lair:1   | Killed a six-headed hydra
 10583 | Lair:2   | Reached XP level 12. HP: 100/100 MP: 15/15
 11056 | Lair:3   | Noticed a seven-headed hydra
 11387 | Lair:3   | Noticed an eight-headed hydra
 11395 | Lair:3   | Killed an eight-headed hydra
 11395 | Lair:3   | Reached skill level 12 in Axes
 11517 | Lair:3   | Killed a seven-headed hydra
 12012 | Lair:4   | Reached **** piety under Ashenzari
 12229 | Lair:4   | Found a staircase to the Swamp.
 12283 | Lair:4   | Reached skill level 10 in Armour
 12468 | Lair:4   | Noticed Urug
 12483 | Lair:4   | Killed Urug
 12483 | Lair:4   | Reached skill level 13 in Axes
 12616 | Lair:4   | Found a staircase to the Snake Pit.
 12888 | Lair:5   | Noticed Memnif's ghost (journeyman GnFi)
 12894 | Lair:5   | Noticed Sonja
 12908 | Lair:5   | Found a transporter.
 12912 | Lair:5   | Killed Sonja
 12920 | Lair:5   | Found a transporter.
 13251 | Lair:5   | Reached XP level 13. HP: 108/108 MP: 17/17
 13445 | Lair:5   | Noticed Kirke
 13557 | Lair:5   | Found a runed translucent door.
 13577 | Lair:5   | Killed Kirke
 13577 | Lair:5   | Reached skill level 14 in Axes
 14360 | D:10     | Killed Erolcha
 14900 | D:11     | Found a staircase to the Orcish Mines.
 14909 | Orc:1    | Entered Level 1 of the Orcish Mines
 15016 | Orc:1    | Found a flagged portal.
 15036 | Bailey   | Entered a bailey
 15683 | Orc:2    | Entered Level 2 of the Orcish Mines
 15691 | Orc:2    | Found a staircase to the Elven Halls.
 15727 | Orc:2    | Reached ***** piety under Ashenzari
 15747 | Orc:2    | Paralysed by an orc sorcerer for 4 turns
 15755 | Orc:2    | Reduced skill Short Blades to level 5
 15879 | Orc:2    | Found a gate leading to a gauntlet.
 15889 | Orc:2    | Reached skill level 15 in Axes
 15920 | Orc:2    | Noticed an orc warlord
 15924 | Gauntlet | Entered a Gauntlet
 15924 | Gauntlet | Found a transporter.
 15925 | Gauntlet | Found a runed translucent gate.
 15925 | Gauntlet | Found a runed translucent gate.
 15926 | Gauntlet | Found a runed translucent gate.
 15931 | Gauntlet | Found a transporter.
 15934 | Gauntlet | Found a transporter.
 15935 | Gauntlet | Found a transporter.
 15939 | Gauntlet | Found a runed translucent door.
 15941 | Gauntlet | Found a runed translucent door.
 15943 | Gauntlet | Found a transporter.
 15946 | Gauntlet | Found a transporter.
 15947 | Gauntlet | Found a transporter.
 15955 | Gauntlet | Found a transporter.
 15958 | Gauntlet | Found a transporter.
 15959 | Gauntlet | Found a transporter.
 15968 | Gauntlet | Found a transporter.
 15970 | Gauntlet | Found a transporter.
 15971 | Gauntlet | Found a transporter.
 15983 | Gauntlet | Found a transporter.
 15989 | Gauntlet | Found a runed translucent door.
 16479 | Gauntlet | Identified the +4 dagger of the Beast {freeze, rElec}
 16479 | Gauntlet | Noticed a minotaur
 16489 | Gauntlet | Killed a minotaur
 16756 | Orc:1    | Killed an orc warlord
 17628 | Orc:2    | Paralysed by an orc sorcerer for 7 turns
 18139 | Orc:2    | Reached XP level 14. HP: 99/118 MP: 18/18
 18211 | Elf:1    | Entered Level 1 of the Elven Halls
 18346 | Elf:1    | Identified a scroll of acquirement
 18348 | Elf:1    | Acquired a cursed +3 hand axe of electrocution
 18542 | Elf:1    | Killed from afar by a deep elf mage

Illustrated notes

Levels and vault maps discovered:
D:1:      minmay_arrival_glassed_features, layout_basic
D:2:      minmay_diamond_boxcup, layout_basic, gammafunk_temple_overflow_statue
D:3:      layout_loops_ring, chequers_ecumenical_altar_grove, uniq_ijyb
D:4:      layout_basic, vehumet_altar_wand_db, serial_shops, shop, shop, shop,
          shop, shop, cheibrodos_sewer_entry_sluice, uniq_menkaure, uniq_robin,
          uniq_eustachio
D:5:      minmay_clustersquares, layout_rooms, first_ration, serial_park_tiny_1,
          fedhas_bush_and_centaur_altar, uniq_crazy_yiuf_cottage, uniq_edmund
D:6:      layout_rooms
D:7:      layout_basic, minmay_temple_entry_arrows, basic_altar
D:8:      layout_loops_ring, grunt_temple_overflow_gold_and_silver,
          nicolae_overflow_crystal_walls, special_room [special_room_kobold]
D:9:      layout_rooms, lemuel_round_altar, grunt_dithmenos_shadows,
          due_lair_maze_entry_diamond
D:10:     layout_irregular_city, serial_shops, shop_fountains, uniq_erolcha
D:11:     giant_chief_lemuel, layout_stronghold, orc_0_dummy, serial_shops,
          shop, uniq_snorg
Temple:   eino_temple_water
Lair:1:   layout_cave_shapes, wad_woods_river_01, minmay_lair_oklob_chamber,
          uniq_nergalle
Lair:2:   layout_small_grid, minivault_26, grunt_megastairs_5
Lair:3:   layout_loops_ring, nicolae_quartered_pool_super,
          eino_small_chamber_without_monster
Lair:4:   layout_roguey, swamp_mist_pool, dummy_snake_entry, uniq_urug
Lair:5:   layout_roguey, gammafunk_ghost_hive, grunt_forest_stairs_basic,
          pf_torpor_hydra, uniq_kirke, uniq_sonja
Orc:1:    layout_caves, enter_bailey_6
Orc:2:    st_orc_mages, layout_diamond_mine, gauntlet_entry_generic
Elf:1:    eino_elf_arrival_customs, layout_rooms, basic_altar,
          minmay_elf_sorcery

Skill      XL: |  1  2  3  4  5  6  7  8  9 10 11 12 13 14 |
---------------+-------------------------------------------+-----
Fighting       | 4 5 6 7 8 9 |  9.3
Shields        | 4 5 6 7 8 9 10 11 12 13 | 13.0
Armour         | 4 5 6 7 9 10 13 | 13.3
Axes           | 3 4 6 10 11 13 15 | 15.9
Throwing       | 1 2 3 5 6 7 8 |  8.2
Dodging        | 1 2 3 |  3.2
Short Blades   | 1 3 5 6 0 |  0.8
Evocations     | 1 3 4 5 7 |  7.8

Action                   |  1- 3 |  4- 6 |  7- 9 | 10-12 | 13-15 || total
-------------------------+-------+-------+-------+-------+-------++-------
Melee: War axe           |   100 |    86 |    38 |   538 |   364 ||  1126
       Headbutt          |    10 |    24 |    65 |   168 |   103 ||   370
       Whip              |       |     2 |       |       |       ||     2
       Dagger            |       |    53 |       |       |       ||    53
       Rapier            |       |    15 |   235 |    55 |       ||   305
       Kick              |       |       |    54 |       |       ||    54
       Mace              |       |       |       |     2 |    17 ||    19
       Hand axe          |       |       |       |       |    31 ||    31
Throw: Boomerang         |    33 |    63 |    61 |       |       ||   157
       Javelin           |       |       |    18 |    51 |    44 ||   113
       Stone             |       |       |     7 |       |       ||     7
       Dart              |       |       |       |    13 |    11 ||    24
Invok: Scrying           |       |     1 |       |     1 |       ||     2
       Curse Item        |       |       |     1 |     2 |     1 ||     4
       Transfer Knowledg |       |       |       |       |     1 ||     1
Evoke: Wand              |       |     2 |       |       |       ||     2
       Lightning rod     |       |       |       |       |     2 ||     2
  Use: Scroll            |     3 |     3 |    12 |    16 |     7 ||    41
       Potion            |       |     1 |     1 |    10 |    15 ||    27
 Stab: Invisible         |       |       |       |     1 |       ||     1
  Eat: Chunk             |     1 |     6 |    11 |    23 |    10 ||    51
       Ration            |       |       |       |       |     2 ||     2
Armor: Scale mail        |    61 |    35 |       |       |       ||    96
       Chain mail        |       |    34 |    40 |    63 |       ||   137
       Plate armour      |       |       |       |    29 |    58 ||    87
Dodge: Dodged            |    36 |    38 |    37 |   123 |    66 ||   300
Block: Kite shield       |    70 |   118 |   182 |   554 |   341 ||  1265
       Reflection        |       |       |    13 |    13 |    20 ||    46
